 Dungeon Crawl Stone Soup version 0.25.0-11-g1f837a76a1 (console) character file.

Game seed: 14267490790611329370

242 bli the Ruffian (level 5, -14/44 HPs)
             Began as a Draconian Transmuter on June 27, 2020.
             Demolished by Menkaure (19 damage)
             ... on level 4 of the Dungeon.
             The game lasted 00:08:32 (3529 turns).

bli the Ruffian (Draconian Transmuter)              Turns: 3529, Time: 00:08:33

Health: -14/44     AC:  6    Str: 13    XL:     5   Next: 82%
Magic:  1/9        EV: 12    Int: 13    God:
Gold:   186        SH:  0    Dex: 12    Spells: 3/9 levels left

rFire    . . .     SeeInvis .     - Unarmed
rCold    . . .     Gourm    .   (no shield)
rNeg     . . .     Faith    .   (armour unavailable)
rPois    .         Spirit   .   f - +1 hat
rElec    .         Reflect  .   (no cloak)
rCorr    .         Harm     .   (no gloves)
MR       .....                  (boots currently unavailable)
Stlth    +.........             (no amulet)
HPRegen  0.14/turn              (no ring)
MPRegen  0.11/turn              (no ring)

@: brilliant, appendage, stab, very slightly contaminated
A: unfitting armour, talons 3, cold-blooded, AC +5
a: End Transformation


You were on level 4 of the Dungeon.
You were not hungry.
You had grown temporary talons.
You visited 1 branch of the dungeon, and saw 4 of its levels.

You collected 186 gold pieces.

Inventory:

Missiles
 a - 53 arrows
 g - 57 stones (quivered)
 o - 8 poisoned darts
Armour
 f - a +1 hat (worn)
Wands
 p - a wand of digging (7)
Scrolls
 b - a scroll of immolation {unknown}
 d - 4 scrolls of identify {unknown}
 h - 2 scrolls of noise {unknown}
 i - a scroll of remove curse {unknown}
 j - 2 scrolls of magic mapping {unknown}
 l - 5 scrolls of teleportation {unknown}
Potions
 n - a potion of degeneration {unknown}
Comestibles
 c - 4 rations


   Skills:
 * Level 2.8 Fighting
 + Level 2.2 Dodging
 + Level 0.6 Stealth
 * Level 5.0 Unarmed Combat
 + Level 2.6 Spellcasting
 + Level 2.6 Transmutations


You had 3 spell levels left.
You knew the following spells:

 Your Spells              Type           Power        Failure   Level  Hunger
a - Beastly Appendage     Tmut           ##....       9%          1    None
b - Sticks to Snakes      Tmut           ##......     12%         2    None
c - Spider Form           Tmut/Pois      #.........   38%         3    None

Your spell library contained the following spells:

 Spells                   Type           Power        Failure   Level  Hunger
 Ice Form                 Ice/Tmut       #.......     80%         4    None
 Blade Hands              Tmut           ##........   92%         5    None


Dungeon Overview and Level Annotations

Branches:
Dungeon (4/15)
 Temple: D:4-7

Altars:
Hepliaklqana
Qazlal

Annotations:
D:4 Menkaure


Innate Abilities, Weirdness & Mutations

Your plain brown scales are hard. (AC +5)
You cannot fit into any form of body armour.
You are cold-blooded and may be slowed by cold attacks.
You have claws for feet.


Message History

Your ball python bites Menkaure but does no damage.
It was a potion of stabbing.
You feel ready to backstab.
Your ball python bites Menkaure but does no damage.
Your ball python constricts Menkaure.
Menkaure calls on the powers of darkness!
Your body is wracked with pain!
* * * LOW HITPOINT WARNING * * *
Your ball python bites Menkaure. x2; Your ball python constricts Menkaure.
The helpless Menkaure fails to defend himself.
You hit Menkaure. You claw Menkaure.
You tail-slap Menkaure, but do no damage.
Menkaure is severely damaged.
Menkaure closely misses you.
Your ball python bites Menkaure but does no damage. x2
Your ball python constricts Menkaure.
You hit Menkaure. You claw Menkaure, but do no damage.
Menkaure is almost destroyed.
Menkaure hits you!!
You die...

##.####### ##≈.#..≈#≈##
#≈≈≈#.≈≈#.≈#
#.##≈≈.#≈≈≈#.≈# . #
#.##≈..≈.♣.≈≈.## #.##.
##.#.≈.....≈.≈≈## ....
#.....≈≈≈.≈.≈≈≈.#
###.......#...≈...♣.≈...
#.....###.#..#..≈≈≈≈≈≈##
#.......MS#.≈##≈♣#≈≈≈.#.
#...@.S...###≈#.....[
#..######.# .###.### #.
#.# .# #.# # # ..# #. #
#.. # #. . ## #


You could see Menkaure (fast) and 2 friendly ball pythons.

Vanquished Creatures
  2 orc priests (D:3)
  An iguana (D:4)
  2 gnolls (D:2)
  4 adders
  2 worms (D:2)
  A leopard gecko (D:2)
  3 orcs (D:3)
  5 ball pythons
  3 giant cockroaches
  12 goblins
  6 hobgoblins
  6 kobolds
  8 bats
  2 frilled lizards (D:3)
  A quokka skeleton (D:4)
  7 rats
65 creatures vanquished.

Vanquished Creatures (collateral kills)
  A worker ant (D:2)
  2 gnolls (D:2)
  An adder (D:2)
  A worm (D:3)
  2 orcs (D:3)
  A goblin (D:3)
8 creatures vanquished.

Grand Total: 73 creatures vanquished

Notes
Turn   | Place    | Note
-------+----------+-------------------------------------------
     0 | D:1      | bli the Draconian Transmuter began the quest for the Orb.
     0 | D:1      | Reached XP level 1. HP: 16/16 MP: 3/3
     3 | D:1      | Noticed an electric eel
     3 | D:1      | Noticed an electric eel
   492 | D:1      | Reached XP level 2. HP: 23/23 MP: 5/5
   959 | D:2      | Reached skill level 4 in Unarmed Combat
  1154 | D:2      | Reached XP level 3. HP: 13/28 MP: 4/6
  1165 | D:2      | Learned a level 2 spell: Sticks to Snakes
  1179 | D:2      | HP: 1/28 [poisoned by an adder]
  1542 | D:2      | Learned a level 3 spell: Spider Form
  1584 | D:2      | Reached XP level 4. HP: 15/36 MP: 5/7
  2254 | D:3      | Found a hazy altar of Hepliaklqana.
  2642 | D:3      | Reached XP level 5. HP: 33/42 MP: 0/8
  3268 | D:4      | Reached skill level 5 in Unarmed Combat
  3429 | D:4      | Noticed a fire elemental
  3433 | D:4      | Found a stormy altar of Qazlal.
  3434 | D:4      | Noticed a water elemental
  3434 | D:4      | Noticed an air elemental
  3508 | D:4      | Noticed Menkaure
  3529 | D:4      | Demolished by Menkaure

Illustrated notes

Levels and vault maps discovered:
D:1:      arrival_aquarium_b, layout_basic
D:2:      layout_rooms, due_unseen_surprise
D:3:      layout_basic, old_standard_altar
D:4:      layout_loops_ring, nicolae_qazlal_style_of_elements,
          makhleb_blood_cavern_becter, first_ration, serial_rivers,
          chequers_serial_rivers_room_a, chequers_serial_rivers_micro_e,
          chequers_serial_rivers_micro_b, chequers_serial_rivers_marsh,
          uniq_edmund, uniq_menkaure

Skill      XL: |  1  2  3  4  5 |
---------------+----------------+-----
Unarmed Combat | 4 5 |  5.0
Fighting       | 2 |  2.8
Dodging        | 2 |  2.2
Stealth        | |  0.6
Spellcasting   | |  2.6
Transmutations | |  2.6

Action                   |  1- 3 |  4- 6 || total
-------------------------+-------+-------++-------
Melee: Unarmed           |    69 |   125 ||   194
       Kick              |     8 |     5 ||    13
       Tailslap          |     6 |    12 ||    18
       Punch             |     2 |     2 ||     4
       Headbutt          |     3 |     8 ||    11
 Cast: Beastly Appendage |    13 |    15 ||    28
       Sticks to Snakes  |     5 |    14 ||    19
  Use: Potion            |       |     3 ||     3
 Stab: Sleeping          |     1 |     4 ||     5
  Eat: Chunk             |     3 |     7 ||    10
Armor: Skin              |    11 |    31 ||    42
Dodge: Dodged            |    27 |    80 ||   107
